 Dungeon Crawl Stone Soup version 0.24-a0-520-g8fd06ad0bc (webtiles) character file.

Game seed: 2436852117286462658

21 Azzok the Firebug (level 2, -6/20 HPs)
             Began as a Hill Orc Fire Elementalist on July 25, 2019.
             Killed from afar by Terence (11 damage)
             ... with a puff of flame
             ... on level 1 of the Dungeon.
             The game lasted 00:01:24 (1371 turns).

Azzok the Firebug (Hill Orc Fire Elementalist)      Turns: 1371, Time: 00:01:24

Health: -6/20      AC:  7    Str: 10    XL:     2   Next: 87%
Magic:  1/5        EV: 12    Int: 15    God:
Gold:   47         SH:  0    Dex: 11    Spells: 4/5 levels left

rFire    . . .     SeeInvis .   (no weapon)
rCold    . . .     Gourm    .   (no shield)
rNeg     . . .     Faith    .   a - +0 robe
rPois    .         Spirit   .   e - +0 helmet
rElec    .         Reflect  .   f - +0 cloak
rCorr    .         Harm     .   d - +2 pair of gloves
MR       .....                  (no boots)
Stlth    ++........             (no amulet)
HPRegen  0.06/turn              (no ring)
MPRegen  0.09/turn              (no ring)

@: no status effects
A: no striking features
a: no special abilities


You were on level 1 of the Dungeon.
You were not hungry.

You visited 1 branch of the dungeon, and saw 2 of its levels.

You collected 47 gold pieces.

Inventory:

Armour
 a - a +0 robe (worn)
 d - a +2 pair of gloves (worn)
 e - a +0 helmet (worn)
 f - a +0 cloak (worn)
Scrolls
 b - a scroll of teleportation {unknown}
 g - a scroll of remove curse {unknown}
Potions
 h - a potion of flight {unknown}
Comestibles
 c - a ration
 i - 2 chunks of flesh


   Skills:
 - Level 1.5 Dodging
 - Level 1.5 Stealth
 + Level 2.0 Spellcasting
 + Level 1.6 Conjurations
 + Level 3.7 Fire Magic


You had 4 spell levels left.
You knew the following spells:

 Your Spells              Type           Power        Failure   Level  Hunger
a - Flame Tongue          Conj/Fire      #....        8%          1    #......

Your spell library contained the following spells:

 Spells                   Type           Power        Failure   Level  Hunger
 Throw Flame              Conj/Fire      #.....       11%         2    ###....
 Conjure Flame            Conj/Fire      #.......     22%         3    ###....
 Inner Flame              Hex/Fire       #.......     30%         3    ###....
 Sticky Flame             Conj/Fire      #.......     58%         4    #####..
 Fireball                 Conj/Fire      #.........   90%         5    ######.


Dungeon Overview and Level Annotations

Branches:
Dungeon (2/15)

Altars:

Annotations:
D:1 Terence


Message History

Casting: Flame Tongue (safe; 8% risk of failure)
Confirm with . or Enter, or press ? or * to list all spells.
Aiming: Flame Tongue (safe; 8% risk of failure)
Press: ? - help, Shift-Dir - straight line, f/p - Terence
Aim: Terence, wielding a -3 trident, wearing a +0 scale mail and carrying a wand of flame (16) (steam, heavily wounded)
The flame tongue misses Terence.
* * * LOW MAGIC WARNING * * *
Terence is engulfed in a cloud of scalding steam.
Terence zaps a wand.
The puff of flame hits you.
Casting: Flame Tongue (safe; 8% risk of failure)
Confirm with . or Enter, or press ? or * to list all spells.
You don't have enough magic to cast that spell.
Terence zaps a wand.
The puff of flame hits you.
* * * LOW HITPOINT WARNING * * *
Terence misses you.
Terence says, "You're history."
There is a staircase leading out of the dungeon here.
Terence zaps a wand.
The puff of flame hits you!
Ouch! That really hurt!
You die...

▒·▒········@············▒▒
▒·▒·▒▒···▒▒▒▒▒▒·▒▒▒▒▒▒··▒
▒▒'▒·▒▒▒▒·▒≈≈≈≈♣≈♣≈≈≈≈▒··▒ ·····▒
▒·▒≈·······P·≈▒··▒▒▒▒▒▒▒▒ ·····▒
▒·▒≈······PPP≈▒·········· ·····▒
▒·▒♣····@)·P·♣▒·▒·▒▒▒▒▒▒▒ ·····▒
▒··≈····<····≈··▒·▒▒····· ·····▒
▒·▒♣·P·····♣·♣▒·▒·····▒▒▒ ▒▒'▒·▒
▒·▒≈PPP·@·♣♣♣≈▒·▒·····▒ ▒·▒·▒
▒·▒≈·P·····♣·≈▒·▒·····▒ ▒▒·▒)▒
▒·▒≈···♣·♣···≈▒·▒·▒▒'▒▒ ···▒·▒
▒·▒≈≈≈≈♣·♣≈≈≈≈▒·▒·▒▒·▒▒▒▒ ▒▒▒▒·▒
▒·▒▒▒▒▒▒·▒▒▒▒▒▒·▒·▒▒····· ▒▒▒▒·▒
▒·········▒ ▒·▒·▒▒▒▒▒▒▒ ·····▒
▒▒▒▒▒▒▒▒▒·▒▒ ▒··········
▒▒·▒·▒▒▒▒▒▒▒▒▒▒▒▒··▒▒▒▒▒▒·▒▒▒▒···
·▒·▒·▒·······················╬···


You could see Terence.

Vanquished Creatures
  A leopard gecko (D:1)
  3 goblins (D:1)
  3 hobgoblins (D:1)
  2 bats (D:1)
  A frilled lizard (D:1)
  5 kobolds (D:1)
  4 rats (D:1)
19 creatures vanquished.

Vanquished Creatures (others)
  5 toadstools (D:1)
5 creatures vanquished.

Grand Total: 24 creatures vanquished

Notes
Turn   | Place    | Note
-------+----------+-------------------------------------------
     0 | D:1      | Azzok the Hill Orc Fire Elementalist began the quest for
                  | the Orb.
     0 | D:1      | Reached XP level 1. HP: 14/14 MP: 3/3
   382 | D:1      | Reached XP level 2. HP: 20/20 MP: 2/4
  1335 | D:2      | Noticed Terence
  1371 | D:1      | Killed from afar by Terence

Levels and vault maps discovered:
D:1:      ldierk_walled_garden, layout_basic, st_stairs_8
D:2:      minmay_razor_zed, layout_basic, uniq_terence, uniq_jessica

Skill      XL: |  1  2 |
---------------+-------+-----
Spellcasting   | 2 |  2.0
Dodging        | |  1.5
Stealth        | |  1.5
Conjurations   | |  1.6
Fire Magic     | |  3.7

Action                   || total
-------------------------++-------
Melee: Unarmed           ||    13
 Cast: Flame Tongue      ||    37
 Stab: Sleeping          ||     1
  Eat: Chunk             ||     2
Armor: Robe              ||     6
Dodge: Dodged            ||    23

Table legend:
 A = Non-vault XP
 B = Vault XP
 C = Vault XP percentage of total XP
 D = Non-vault monster count
 E = Vault monster count
 F = Vault count percentage of total count
                 A         B        C        D         E       F
            +---------+---------+-------+---------+---------+-------
      Total |      30 |       1 |   3.2 |      18 |       1 |   5.3
            +---------+---------+-------+---------+---------+-------
        D:1 |      30 |       1 |   3.2 |      18 |       1 |   5.3
            +---------+---------+-------+---------+---------+-------
